 Dungeon Crawl Stone Soup version 0.21.1-1-g345015f (webtiles) character file.

476 Gremour the Slasher (level 7, -18/57 HPs)
             Began as a Ghoul Monk on Apr 3, 2018.
             Demolished by an ogre
             ... wielding a +0 giant club
              (23 damage)
             ... on level 4 of the Dungeon.
             The game lasted 00:28:10 (4146 turns).

Gremour the Slasher (Ghoul Monk)                    Turns: 4146, Time: 00:28:11

Health: -18/57     AC:  5    Str: 15    XL:     7   Next: 10%
Magic:  6/6        EV: 13    Int:  5    God:
Gold:   299        SH:  2    Dex: 13    Spells: 6/6 levels left

rFire    . . .     SeeInvis .   a - +0 long sword
rCold    + . .     Gourm    .   (no shield)
rNeg     + + +     Faith    .   r - +0 ring mail
rPois    ∞         Spirit   .   (no helmet)
rElec    .         Reflect  +   (no cloak)
rCorr    .         Harm     .   (no gloves)
MR       .....                  (no boots)
Stlth    +.........             n - +2 amulet of reflection
HPRegen  0.00/turn              f - +2 ring of evasion
MPRegen  0.10/turn              (no ring)

@: rotting
A: rotting body, claws 1, carnivore, cold resistance 1, negative energy
resistance 3, inhibited regeneration, torment resistance, unbreathing
a: no special abilities


You were on level 4 of the Dungeon.
You were not hungry.

You visited 1 branch of the dungeon, and saw 4 of its levels.

You collected 299 gold pieces.

Inventory:

Hand Weapons
 a - a +0 long sword (weapon)
 j - the +4 war axe of Amorality {protect, +Inv rElec rPois Dex-2}
   (You found it on level 4 of the Dungeon)

   It protects the one who uses it against injury (+AC on strike).
   It affects your dexterity (-2).
   It insulates you from electricity.
   It protects you from poison.
   It lets you turn invisible.
Missiles
 p - 4 tomahawks (quivered)
Armour
 r - a +0 ring mail (worn)
Jewellery
 f - a +2 ring of evasion (left claw)
 n - a +2 amulet of reflection (around neck)
Scrolls
 d - 4 scrolls of remove curse
 h - 2 scrolls of teleportation
 i - 4 scrolls of identify {unknown}
 k - a scroll of enchant armour {unknown}
 l - 2 scrolls of blinking
 m - a scroll of immolation {unknown}
 q - a scroll of random uselessness {unknown}
Potions
 e - 2 potions of degeneration {unknown}
 g - 3 potions of flight
Comestibles
 b - 15 chunks of flesh
 c - 9 rations


   Skills:
 * Level 3.2 Fighting
 - Level 7.1 Long Blades
 - Level 2.6 Dodging
 - Level 2.1 Stealth


You had 6 spell levels left.
You didn't know any spells.

Dungeon Overview and Level Annotations

Branches:
Dungeon (4/15)
 Temple: D:4-7

Altars:


Innate Abilities, Weirdness & Mutations

Your body is rotting away.
You thrive on raw meat.
You are immune to poison.
You have sharp fingernails.
You are carnivorous and can eat meat at any time.
Your flesh is cold resistant. (rC+)
You are immune to negative energy. (rN+++)
You do not regenerate when monsters are visible.
You are immune to unholy pain and torment.
You can survive without breathing.


Message History

Save game and exit?
Welcome back, Gremour the Ghoul Monk.
Press ? for a list of commands and other information.
You enter the shallow water.
Moving in this stuff is going to be slow.
You see here 30 arrows.
An ogre comes into view. It is wielding a giant club.
Found a dagger.
The ogre shouts!
You barely miss the ogre. The ogre barely misses you.
You hit the ogre.
The ogre is lightly wounded.
The ogre hits you with a giant club!!
You barely miss the ogre.
The ogre is lightly wounded.
The ogre hits you with a giant club!!
* * * LOW HITPOINT WARNING * * *
There is a stone staircase leading up here.
The ogre hits you with a giant club!!
You die...

###.##.#..P. ≈.....)....##
####.##.....≈.P .#.......
#####......#.#....# .......
....#......#.#.... ####.....
...........#...#.. .......#
≈.≈##......# ....# ###....#
P.P♣#......# #.#.####......###
≈.≈P≈.>....# #.#......##.....#
≈.PP≈P##.#####..@.....##.###.#
P.≈≈≈♣.........O##.........# ..
≈.≈≈P≈.........###.........#. .#
≈.≈≈≈♣.........###...............
P.P≈≈P.......(..<#.........####.#
P.≈≈♣#.......###...........# #
P.≈ #.......#♣###.........# ≈.
#.......♣≈≈##.######### ≈
♣####♣≈♣♣P≈♣#..# #


You could see an ogre.

Vanquished Creatures
  2 scorpions (D:4)
  A howler monkey (D:3)
  2 hounds (D:4)
  3 worker ants (D:3)
  4 adders
  An ooze (D:1)
  3 worms (D:2)
  A dart slug (D:1)
  7 leopard geckos
  17 orcs
  A ball python (D:4)
  12 bats
  5 giant cockroaches
  9 goblins
  4 hobgoblins
  26 jackals
  4 quokkas
  A frilled lizard (D:2)
  11 kobolds
  5 rats
119 creatures vanquished.

Notes
Turn   | Place    | Note
-------+----------+-------------------------------------------
     0 | D:1      | Gremour the Ghoul Monk began the quest for the Orb.
     0 | D:1      | Reached XP level 1. HP: 19/19 MP: 0/0
   226 | D:1      | Reached skill level 3 in Long Blades
   390 | D:1      | Reached XP level 2. HP: 26/26 MP: 1/1
   928 | D:2      | Reached XP level 3. HP: 31/31 MP: 2/2
  1450 | D:2      | Reached skill level 4 in Long Blades
  1603 | D:2      | Reached XP level 4. HP: 30/38 MP: 3/3
  2343 | D:3      | Reached skill level 5 in Long Blades
  2451 | D:3      | Reached XP level 5. HP: 45/45 MP: 4/4
  3531 | D:3      | Reached skill level 6 in Long Blades
  3531 | D:3      | Reached XP level 6. HP: 10/51 MP: 5/5
  3871 | D:4      | Got a steaming war axe
  3872 | D:4      | Identified the +4 war axe of Amorality {protect, +Inv rElec rPois Dex-2} (You found it on level 4 of the Dungeon)
  4000 | D:4      | Reached skill level 7 in Long Blades
  4000 | D:4      | Reached XP level 7. HP: 47/57 MP: 6/6
  4146 | D:4      | Demolished by an ogre

Skill      XL: |  1  2  3  4  5  6 |
---------------+-------------------+-----
Long Blades    | 3 4 5 6 7 |  7.1
Fighting       | |  3.2
Dodging        | |  2.6
Stealth        | |  2.1

Action                   |  1- 3 |  4- 6 |  7- 9 || total
-------------------------+-------+-------+-------++-------
Melee: Falchion          |   128 |   353 |       ||   481
       War axe           |       |    18 |     4 ||    22
       Long sword        |       |       |     6 ||     6
  Use: Potion            |     1 |     6 |       ||     7
       Scroll            |       |     5 |       ||     5
 Stab: Sleeping          |     3 |     1 |       ||     4
       Invisible         |       |     2 |       ||     2
  Eat: Chunk             |    30 |    88 |       ||   118
Armor: Robe              |    13 |     6 |       ||    19
       Leather armour    |       |    25 |       ||    25
       Ring mail         |       |    59 |     2 ||    61
Dodge: Dodged            |    92 |   330 |     8 ||   430
Block: Other             |       |    18 |     1 ||    19
       Rpst.: Falchion   |    32 |   103 |       ||   135
